 Dungeon Crawl Stone Soup version 0.30.1-11-g7821555f0a (webtiles) character file.

Game seed: 2451239203771507840

6365 comborobin the Spear-Bearer (level 10, -13/56 HPs)
             Began as a Tengu Delver on Dec 4, 2023.
             Was a Priest of Okawaru.
             Killed from afar by an orc sorcerer (17 damage)
             ... with a bolt of fire
             ... while paralysed by an orc sorcerer
             ... on level 11 of the Dungeon.
             The game lasted 00:09:16 (7881 turns).

comborobin the Spear-Bearer (Tengu Delver)          Turns: 7881, Time: 00:09:16

Health: -13/56     AC:  7    Str:  9    XL:     10   Next: 97%
Magic:  9/11       EV:  2    Int: 11    God:    Okawaru [***...]
Gold:   1000       SH:  0    Dex: 23    Spells: 9/9 levels left

rFire   + . .        y - +2 halberd (distort)
rCold   . . .        (shield currently unavailable)
rNeg    . . .        f - +4 ring mail of Pon Orag {Will++}
rPois   .            (helmet restricted)
rElec   .            (no cloak)
rCorr   .            (no gloves)
SInv    .            (boots unavailable)
Will    ++...        (no amulet)
Stlth   ++++         l - ring of protection from fire
HPRegen 0.29/turn    n - +5 ring of evasion
MPRegen 0.12/turn

%: no passive effects
@: paralysed, heroic, corroded, flying quickly and evasively, quick
A: beak, talons 3, nimble flight, agile 1, shaggy fur 1, weak 1
a: Renounce Religion, Heroism


You were on level 11 of the Dungeon.
You worshipped Okawaru.
Okawaru was most pleased with you.
You visited 2 branches of the dungeon, and saw 10 of its levels.

You collected 1000 gold pieces.

Inventory:

Hand Weapons
 a - a +0 shortbow
 q - a +0 sling
 u - a +0 falchion
 x - a +2 dagger of draining
 y - a +2 halberd of distortion (weapon)
 A - a +1 dagger of venom
Missiles
 t - 2 throwing nets
 v - 2 silver javelins
Armour
 b - a +0 leather armour
 f - the +4 ring mail of Pon Orag (worn) {Will++}
   (You found it on level 5 of the Dungeon)

   Will:      It greatly increases your willpower.
 B - +0 steam dragon scales
Jewellery
 e - a ring of protection from fire
 l - a ring of protection from fire (left hand)
 n - a +5 ring of evasion (right hand)
 z - a +5 ring of evasion
Wands
 g - a wand of digging (3)
 j - a wand of flame (30)
 p - a wand of roots (8)
 J - a wand of paralysis (5)
Scrolls
 c - 2 scrolls of fog
 d - 2 scrolls of magic mapping
 i - 12 scrolls of identify
 k - 4 scrolls of poison {unknown}
 m - 2 scrolls of enchant weapon {unknown}
 s - a scroll of amnesia
 w - 4 scrolls of noise {unknown}
 C - 2 scrolls of blinking {unknown}
 D - 2 scrolls of teleportation {unknown}
 E - 2 scrolls of torment
 I - a scroll of brand weapon {unknown}
Potions
 h - a potion of flight {unknown}
 o - a potion of berserk rage {unknown}
 r - 2 potions of curing
 F - a potion of degeneration {unknown}
 G - a potion of lignification {unknown}
 H - a potion of mutation


   Skills:
 - Level 3.0(8.0) Fighting
 - Level 6.6(11.6) Long Blades
 + Level 13.8(18.8) Polearms
 - Level 8.8(13.8) Ranged Weapons
 - Level 2.1(7.1) Dodging
 - Level 5.0(10.0) Stealth


You had 9 spell levels left.
You didn't know any spells.
Your spell library contained the following spells:

 Spells                   Type           Power      Damage    Failure   Level
 Shock                    Conj/Air       0%         1d3       65%         1
 Sublimation of Blood     Necr           0%         N/A       80%         2
 Swiftness                Air            0%         N/A       95%         3
 Airstrike                Air            0%         2d(0-16)  100%        4
 Petrify                  Tmut/Erth      0%         N/A       100%        4
 Irradiate                Conj/Tmut      0%         3d11      100%        5


Dungeon Overview and Level Annotations

Branches:
Dungeon (11/15)            Temple (1/1) D:6             Orc (0/2) D:9
   Lair: D:8-11

Altars:
Ashenzari
Cheibriados
Dithmenos
Elyvilon
Fedhas
Gozag
Hepliaklqana
Kikubaaqudgha
Makhleb
Nemelex Xobeh
Okawaru
Qazlal
Ru
Sif Muna
Trog
Uskayaw
Vehumet
Wu Jian
Xom
Yredelemnul
Zin
The Shining One


Innate Abilities, Weirdness & Mutations

You have a beak for a mouth.
You have claws for feet.
Your magical nature lets you fly swiftly and evasively.
You are agile. (Dex +4, Str/Int -1)
You are covered in fur. (AC +1)
You are weak. (Str -2)


Message History

You gain the combat prowess of a mighty hero.
The acid dragon spits acid at you. The splash of acid hits you!!
Something hits you but does no damage. The wraith hits you but does no damage.
You hear some strange, mumbled words.
You can no longer speed up your combat.
Reach: y) +2 halberd (distort)
Press: ? - help, Dir - move target, f - orc sorcerer, p - wraith
Aim: an orc sorcerer, wielding a +2 dagger of speed and wearing a +2 robe of willpower (about 33% to evade your +2 halberd of distortion)
The wraith is in the way.
You hit the wraith.
Space warps around the wraith!
You peck the wraith, but do no damage.
The wraith is heavily damaged.
Reach: y) +2 halberd (distort)
Press: ? - help, Dir - move target, f/p - orc sorcerer
Aim: an orc sorcerer, wielding a +2 dagger of speed and wearing a +2 robe of willpower (about 33% to evade your +2 halberd of distortion)
You reach to attack!
You closely miss the orc sorcerer. The wraith completely misses you.
Unknown command.
Unknown command.
Reach: y) +2 halberd (distort)
Press: ? - help, Dir - move target, f/p - orc sorcerer
Aim: an orc sorcerer, wielding a +2 dagger of speed and wearing a +2 robe of willpower (about 33% to evade your +2 halberd of distortion)
You puncture the orc sorcerer!
Space warps horribly around the orc sorcerer!!
Your kick misses the orc sorcerer.
You peck the orc sorcerer, but do no damage.
The orc sorcerer is almost dead.
The wraith misses you. The acid dragon spits acid at you.
The splash of acid hits you!!
* * * LOW HITPOINT WARNING * * *
The acid corrodes you!
The orc sorcerer points at you and mumbles some strange words.
You suddenly lose the ability to move!
Something hits you.
* * * LOW HITPOINT WARNING * * *
Something hits you.
* * * LOW HITPOINT WARNING * * *
The orc sorcerer casts a spell at you. The bolt of fire hits you! You resist.
You die...

.# #.#.# .# #.#.#
.# # #...# .# #.
##..# .# #.####
#..# # .#
......##..### ..
.# ~.~≈≈.......#
#... .#
.##≈≈..###.#...#
##≈.@##....#
#D.Wo.....#
..$.......####...#
...".#~...# #..#
#...##≈.(... ...#
##. #≈≈..#./# ..#
≈≈ ≈≈≈...##... ...
. ......## ####
.##..##


You could see a wraith, an orc sorcerer and an acid dragon.

Vanquished Creatures
  A two-headed ogre (D:10)
  A deep elf pyromancer (D:7)
  Maggie (D:9)
  A kobold demonologist (D:9)
  A hornet (D:7)
  A troll (D:10)
  2 wyverns
  A vampire (D:10)
  An acid dragon (D:8)
  A water moccasin (D:5)
  2 orc warriors
  3 sky beasts
  2 ice beasts
  An ogre (D:6)
  3 centaurs
  2 phantoms
  4 kobold brigands
  A scorpion (D:6)
  8 wights (D:7)
  9 killer bees
  2 howler monkeys
  3 hounds (D:6)
  3 orc priests
  A jelly (D:4)
  12 orc wizards
  A sleepcap (D:7)
  2 iguanas
  Natasha (thrice) (D:3)
  4 gnolls (D:5)
  6 adders
  2 shadow imps
  4 white imps
  2 ufetubi (D:5)
  2 worms
  55 orcs
  4 endoplasms
  2 giant cockroaches
  3 goblins
  4 hobgoblins (D:3)
  6 jackals (D:3)
  19 kobolds
  4 quokkas
  2 ball pythons (D:3)
  A frilled lizard (D:3)
  A rat (D:3)
194 creatures vanquished.

Vanquished Creatures (others)
  An orc wizard (D:5)
1 creature vanquished.

Grand Total: 195 creatures vanquished

Notes
Turn   | Place    | Note
-------+----------+-------------------------------------------
     0 | D:5      | comborobin the Tengu Delver began the quest for the Orb.
     0 | D:5      | Reached XP level 1. HP: 14/14 MP: 2/2
    32 | D:6      | Reached XP level 2. HP: 19/19 MP: 3/3
   140 | D:5      | Reached XP level 3. HP: 10/23 MP: 4/4
   173 | D:5      | Identified the +4 ring mail of Pon Orag {Will++}
   280 | D:4      | Reached XP level 4. HP: 18/28 MP: 5/5
   451 | D:4      | Reached skill level 5 in Long Blades
   458 | D:4      | Gained mutation: Your magical nature lets you fly swiftly
                  | and evasively. [Tengu growth]
   458 | D:4      | Reached XP level 5. HP: 27/32 MP: 6/6
   813 | D:4      | Reached XP level 6. HP: 31/37 MP: 7/7
  1084 | D:3      | Reached skill level 1 in Ranged Weapons
  1363 | D:3      | Noticed Natasha
  1369 | D:3      | Killed Natasha
  1436 | D:3      | Noticed Natasha
  1451 | D:3      | Killed Natasha
  1628 | D:3      | Noticed Natasha
  1640 | D:3      | Killed Natasha
  2203 | D:5      | Reached XP level 7. HP: 29/41 MP: 8/8
  2462 | D:5      | Reached skill level 5 in Ranged Weapons
  2952 | D:6      | Reached XP level 8. HP: 46/46 MP: 9/9
  3089 | D:6      | Found a staircase to the Ecumenical Temple.
  3240 | Temple   | Entered the Ecumenical Temple
  3415 | Temple   | Became a worshipper of Warmaster Okawaru
  4018 | D:7      | Reached skill level 1 in Polearms
  4064 | D:7      | Gained mutation: You expend magic power (3 MP) to
                  | strengthen your wands. [potion of mutation]
  4069 | D:7      | Reached skill level 2 in Polearms
  4072 | D:7      | Reached skill level 3 in Polearms
  4082 | D:7      | Reached skill level 4 in Polearms
  4094 | D:7      | Reached * piety under Okawaru
  4095 | D:7      | Reached skill level 5 in Polearms
  4095 | D:7      | Reached XP level 9. HP: 17/50 MP: 10/10
  4314 | D:7      | Noticed a hornet
  4316 | D:7      | Paralysed by a hornet for 3 turns
  4526 | D:7      | Reached skill level 6 in Polearms
  4765 | D:7      | Killed a hornet
  4766 | D:7      | Reached skill level 7 in Polearms
  5123 | D:7      | Noticed a deep elf pyromancer
  5139 | D:7      | Killed a deep elf pyromancer
  5139 | D:7      | Reached ** piety under Okawaru
  5140 | D:7      | Reached skill level 9 in Polearms
  5694 | D:8      | Identified a scroll of acquirement
  5694 | D:8      | Acquired 618 gold pieces
  5866 | D:9      | Found a staircase to the Orcish Mines.
  5892 | D:9      | Reached skill level 10 in Polearms
  5931 | D:9      | Lost mutation: You expend magic power (3 MP) to strengthen
                  | your wands. [potion of mutation]
  5931 | D:9      | Gained mutation: You are covered in fur. (AC +1) [potion of
                  | mutation]
  5931 | D:9      | Gained mutation: You are weak. (Str -2) [potion of
                  | mutation]
  5931 | D:9      | Gained mutation: You are agile. (Dex +4, Str/Int -1)
                  | [potion of mutation]
  5963 | D:9      | Noticed Maggie
  5980 | D:9      | Killed Maggie
  5981 | D:9      | Reached XP level 10. HP: 41/56 MP: 11/11
  6130 | D:9      | Reached skill level 11 in Polearms
  6325 | D:9      | Reached *** piety under Okawaru
  6526 | D:9      | Noticed a kobold demonologist
  6537 | D:9      | Killed a kobold demonologist
  6873 | D:10     | Entered Level 10 of the Dungeon
  6975 | D:10     | Reached skill level 12 in Polearms
  7243 | D:10     | Found a large runed translucent door.
  7244 | D:10     | Found a large runed translucent door.
  7300 | D:10     | Found a basalt altar of Yredelemnul.
  7303 | D:10     | Reached **** piety under Okawaru
  7303 | D:10     | Received a gift from Okawaru
  7308 | D:10     | Found a shadowy altar of Dithmenos.
  7339 | D:10     | Noticed a two-headed ogre
  7346 | D:10     | Killed a two-headed ogre
  7347 | D:10     | Reached skill level 13 in Polearms
  7869 | D:11     | Noticed an orc sorcerer
  7869 | D:11     | Noticed a wizard
  7880 | D:11     | Paralysed by an orc sorcerer for 2 turns
  7881 | D:11     | Killed from afar by an orc sorcerer

Illustrated notes

Levels and vault maps discovered:
D:3:      layout_loops_ring, uniq_natasha
D:4:      layout_gridville
D:5:      layout_basic, minmay_tree_intersection
D:6:      layout_rooms, minmay_temple_entry_tees, chequers_jeans
D:7:      minmay_spotlight, layout_loops_ring, guppyfry_early_elven_hall
D:8:      layout_rooms
D:9:      layout_loops_ring, orc_0_dummy, eino_curves_01, uniq_maggie
D:10:     layout_gridville, jmf_multi_god_temple2
D:11:     cheibrodos_wizards_tower, layout_rooms, lair_entry_dummy,
          small_statue_intersection
Temple:   nicolae_temple_slightly_damp_pantheon

Skill      XL: |  1  2  3  4  5  6  7  8  9 10 |
---------------+-------------------------------+-----
Long Blades    | 3 4 5 6 |  6.6
Ranged Weapons | 4 7 8 |  8.8
Polearms       | 5 10 13 | 13.8
Fighting       | |  3.0
Dodging        | |  2.1
Stealth        | |  5.0

Action                     |  1- 3 |  4- 6 |  7- 9 | 10-12 || total
---------------------------+-------+-------+-------+-------++-------
  Melee: Falchion          |    23 |    49 |       |       ||    72
         Peck              |     6 |     6 |    32 |    19 ||    63
         Kick              |     7 |    14 |    47 |    24 ||    92
         Punch             |     1 |     1 |     1 |       ||     3
         Dagger            |       |       |    49 |       ||    49
         Halberd           |       |       |   120 |   128 ||   248
   Fire: Sling             |       |   179 |       |       ||   179
         Shortbow          |       |    29 |   193 |       ||   222
 Invoke: Heroism           |       |       |       |     1 ||     1
  Evoke: Wand              |    19 |     3 |     1 |       ||    23
    Use: Potion            |     1 |     1 |     7 |     2 ||    11
         Scroll            |       |       |     6 |       ||     6
   Stab: Sleeping          |       |     4 |     2 |     4 ||    10
         Distracted        |       |       |     2 |       ||     2
 Armour: Leather armour    |     2 |       |       |       ||     2
         Ring mail         |     9 |    62 |    76 |    22 ||   169
  Dodge: Dodged            |    26 |   246 |   228 |    74 ||   574
